 Dungeon Crawl Stone Soup version 0.31-a0-1616-gbeaec30b81 (webtiles) character file.

Game seed: 2473737235814975022

375 croobank the Sneak (level 6, -9/28 HPs)
             Began as a Felid Necromancer on Jan 11, 2024.
             Mangled by a mummy (15 damage)
             ... on level 4 of the Dungeon.
             The game lasted 00:17:28 (3024 turns).

croobank the Sneak (Felid Necromancer)              Turns: 3024, Time: 00:17:28

Health: -9/28      AC:  2    Str:  8    XL:     6   Next: 44%
Magic:  19/21      EV: 19    Int: 20    God:
Gold:   215        SH:  0    Dex: 15    Spells: 2/11 levels left
                                        Lives:  0   Deaths: 2

rFire   . . .        (weapon unavailable)
rCold   . . .        (shield unavailable)
rNeg    . . .        (body armour unavailable)
rPois   .            (helmet unavailable)
rElec   .            (cloak unavailable)
rCorr   .            (gloves unavailable)
SInv    +            (boots unavailable)
Will    .....        i - amulet of magic regeneration
Stlth   +++          b - ring of magical power
HPRegen 0.24/turn    (no ring)
MPRegen 0.57/turn

%: no passive effects
@: no status effects
A: very small, claws 1, fangs 3, see invisible, shaggy fur 2, stealthy paws, no
weapons or thrown items, no armour, multi-lived, sense surroundings 1, strong 1
a: no special abilities


You were on level 4 of the Dungeon.
You visited 1 branch of the dungeon, and saw 4 of its levels.

You collected 215 gold pieces.

Inventory:

Jewellery
 b - a ring of magical power (left paw)
 d - an amulet of the acrobat
 i - an amulet of magic regeneration (around neck)
Wands
 g - a wand of paralysis (7)
Scrolls
 e - 5 scrolls of teleportation
 f - a scroll of amnesia
 j - a scroll of poison {unknown}
 l - a scroll of fear {unknown}
 n - a scroll of identify {unknown}
 o - a scroll of fog {unknown}
Potions
 a - 2 potions of magic
 k - 2 potions of haste {unknown}
 m - a potion of lignification {unknown}


   Skills:
 + Level 5.0 Dodging
 + Level 5.4 Stealth
 + Level 3.4 Spellcasting
 * Level 5.3 Necromancy


You had 2 spell levels left.
You knew the following spells:

 Your Spells              Type           Power      Damage    Failure   Level
a - Necrotise             Necr           96%        1d8       1%          1
A - Animate Dead          Necr           24%        N/A       16%         4
N - Anguish               Hex/Necr       7%         N/A       41%         4

Your spell library contained the following spells:

 Spells                   Type           Power      Damage    Failure   Level
 Vampiric Draining        Necr           24%        2d7       4%          3
 Dazzling Flash           Conj/Hex       6%         N/A       38%         3
 Volatile Blastmotes      Fire/Tloc      6%         2d10      38%         3
 Curse of Agony           Necr           24%        N/A       38%         5
 Cause Fear               Hex            1%         N/A       80%         4
 Starburst                Conj/Fire      1%         6d3       100%        6
 Enfeeble                 Hex            1%         N/A       100%        7
 Maxwell's Capacitive Co  Air            1%         ∞         100%        8


Dungeon Overview and Level Annotations

Branches:
Dungeon (4/15)
 Temple: D:4-7

Altars:
Wu Jian

Portals:
Ossuary: D:4

Annotations:
D:2 exclusion: downstairs


Innate Abilities, Weirdness & Mutations

You have sharp claws.
You have razor-sharp teeth.
You have supernaturally acute eyesight. (SInv)
You are covered in thick fur. (AC +2)
Your paws help you pounce on unaware monsters.
You are incapable of wielding weapons or throwing items.
You cannot wear armour.
You gain extra lives every three experience levels.
You passively map a small area around you.
Your muscles are strong. (Str +4, Int/Dex -1)


Message History

You scratch the mummy but do no damage. You bite the mummy.
The mummy is heavily damaged.
The mummy hits you.
You scratch the mummy but do no damage.
The mummy is heavily damaged.
You scratch the mummy but do no damage.
The mummy is heavily damaged.
The mummy misses you.
You closely miss the mummy.
The mummy is heavily damaged.
The mummy hits you!!
Ouch! That really hurt!
* * * LOW HITPOINT WARNING * * *
Casting: Animate Dead (extremely dangerous; 14% risk of failure)
Confirm with . or Enter, or press ? or * to list all spells.
You can't see any susceptible monsters within range! (Use Z to cast anyway.) Unknown command.
Okay, then.
Casting: Animate Dead (extremely dangerous; 14% risk of failure)
Confirm with . or Enter, or press ? or * to list all spells.
Okay, then.
Casting: Animate Dead (extremely dangerous; 14% risk of failure)
Confirm with . or Enter, or press ? or * to list all spells.
Okay, then.
Casting: Animate Dead (extremely dangerous; 14% risk of failure)
Confirm with . or Enter, or press ? or * to list all spells.
Casting: Anguish (astonishingly dangerous; 38% risk of failure)
Press: ? - help, Dir - look around, f - activate The mummy is haunted by guilt!
It was a potion of mutation.
You feel extremely strange.
You feel a strange attunement to the structure of the dungeons.
You feel stronger. The mummy misses you.
You barely miss the mummy. You bite the mummy.
The mummy is heavily damaged.
You scratch the mummy. Your bite misses the mummy.
The mummy is heavily damaged.
The mummy hits you!
Ouch! That really hurt!
You die...

, #.. * * #.#
* , * ##.#
,## # *
#..###,.#. ,
, * #
#..'.##..* *
* #.#..###.#,
#....##..#* *
####.#...###,
#....@M∩##..*
* *
#.#...###...
#.##..##....
*
#.###.#....#
* ,
#.'.##...#.#
*
#.###......,,
* #.##...#.#
# ,
#.#..#.#.#.##
#........<..#


You could see a mummy (anguished).

Vanquished Creatures
  A black bear (D:4)
  Jessica (D:2)
  Natasha (twice) (D:2)
  4 gnolls (D:3)
  7 adders
  A white imp (D:3)
  A ribbon worm (D:2)
  3 dart slugs
  3 orcs (D:2)
  3 ball pythons
  6 bats
  7 endoplasms
  4 giant cockroaches
  9 goblins
  3 hobgoblins
  3 jackals (D:3)
  5 kobolds
  A quokka (D:4)
  A frilled lizard (D:1)
  2 hobgoblin zombies (D:4)
  9 rats
76 creatures vanquished.

Vanquished Creatures (collateral kills)
  An adder (D:4)
  3 bats (D:3)
  3 endoplasms
  2 ball pythons
  2 frilled lizards
  3 rats
14 creatures vanquished.

Vanquished Creatures (others)
  A ribbon worm zombie (D:2)
  2 adder zombies
  A bat zombie (D:3)
  An endoplasm zombie (D:4)
  A goblin zombie (D:3)
  A quokka zombie (D:4)
  A rat zombie (D:3)
8 creatures vanquished.

Grand Total: 98 creatures vanquished

Notes
Turn   | Place    | Note
-------+----------+-------------------------------------------
     0 | D:1      | croobank the Felid Necromancer began the quest for the Orb.
     0 | D:1      | Reached XP level 1. HP: 9/9 MP: 4/4
   188 | D:1      | Found a faded altar of an unknown god.
   197 | D:1      | Reached XP level 2. HP: 13/13 MP: 6/6
   853 | D:2      | Reached XP level 3. HP: 16/16 MP: 7/7
  1056 | D:2      | Noticed Natasha
  1061 | D:2      | Killed Natasha
  1062 | D:2      | Reached XP level 4. HP: 12/21 MP: 8/8
  1062 | D:2      | Gained a life (2 lives remaining)
  1378 | D:2      | Noticed Natasha
  1433 | D:2      | Slain by Natasha
  1433 | D:2      | Lost a life (1 life remaining)
  1518 | D:2      | Learned a level 4 spell: Animate Dead
  1637 | D:2      | Noticed Jessica
  1646 | D:2      | Killed Jessica
  1647 | D:2      | Reached XP level 5. HP: 24/24 MP: 10/10
  1805 | D:2      | Killed Natasha
  1978 | D:2      | Learned a level 4 spell: Anguish
  2270 | D:3      | HP: 1/24 [white imp/puff of frost (7)]
  2451 | D:3      | Reached skill level 5 in Stealth
  2451 | D:3      | Reached skill level 5 in Necromancy
  2453 | D:3      | Slain by a gnoll
  2453 | D:3      | Lost a life (0 lives remaining)
  2835 | D:4      | Gained mutation: You are covered in thick fur. (AC +2)
                  | [Felid growth]
  2835 | D:4      | Reached XP level 6. HP: 28/28 MP: 11/11
  2864 | D:4      | Found an ornate altar of the Wu Jian Council.
  2884 | D:4      | Reached skill level 5 in Dodging
  3009 | D:4      | Found a sand-covered staircase.
  3022 | D:4      | Gained mutation: You passively map a small area around you.
                  | [potion of mutation]
  3022 | D:4      | Gained mutation: Your muscles are strong. (Str +4, Int/Dex
                  | -1) [potion of mutation]
  3024 | D:4      | Mangled by a mummy

Illustrated notes

Levels and vault maps discovered:
D:1:      minmay_arrival_jagged, layout_rooms, dreamdust_ecumenical_altar_grove,
          hex_tiny
D:2:      layout_basic, minmay_randomly_rotated_circles, uniq_natasha,
          uniq_jessica
D:3:      layout_rooms, hex_intersection, roderic_batcave
D:4:      layout_loops_corners, mainiacjoe_overflow_24_doors,
          mainiacjoe_overflow_boulevard, nicolae_ossuary_entry_giza,
          hangedman_decor_clover_reticule

Skill      XL: |  1  2  3  4  5  6 |
---------------+-------------------+-----
Stealth        | 3 4 5 |  5.4
Dodging        | 3 4 5 |  5.0
Spellcasting   | 3 |  3.4
Necromancy     | 5 |  5.3

Action                     |  1- 3 |  4- 6 || total
---------------------------+-------+-------++-------
  Melee: Unarmed           |     2 |    57 ||    59
         Bite              |       |     5 ||     5
   Cast: Necrotise         |    59 |   104 ||   163
         Animate Dead      |       |     9 ||     9
         Anguish           |       |     1 ||     1
  Evoke: Wand              |       |     3 ||     3
    Use: Potion            |       |     3 ||     3
         Scroll            |       |     3 ||     3
   Stab: Sleeping          |       |     4 ||     4
         Paralysed         |       |     1 ||     1
 Armour: Skin              |     3 |    46 ||    49
  Dodge: Dodged            |    13 |    87 ||   100

Table legend: (Time is in decaauts)
 A = Elapsed time spent in this place.
 B = Non-inter-level travel time spent in this place.
 C = Inter-level travel time spent in this place.
 D = Time resting spent in this place.
 E = Time spent auto-exploring this place.
 F = Levels seen in this place.
 G = Mean time per level.
                   A        B        C        D        E       F      G
               +--------+--------+--------+--------+--------+-----+--------+
         Total |   3022 |   2881 |    141 |    244 |   1859 |   4 |  755.5 |
       Dungeon |   3022 |   2881 |    141 |    244 |   1859 |   4 |  755.5 |
               +--------+--------+--------+--------+--------+-----+--------+

Top non-repeatable levels by time:
     D:2: 1288 daAuts
     D:1: 754 daAuts
     D:3: 665 daAuts
     D:4: 313 daAuts
